 Dungeon Crawl Stone Soup version 0.30.0-15-g856e2d3f33 (webtiles) character file.

Game seed: 16585049230564660286

165086 zlionsfan the Hoplite (level 17, -4/165 HPs)
             Began as a Minotaur Fighter on May 19, 2023.
             Was the Champion of Qazlal.
             Slain by a swamp worm (29 damage)
             ... on level 4 of the Swamp.
             The game lasted 01:16:04 (26277 turns).

zlionsfan the Hoplite (Minotaur Fighter)           Turns: 26277, Time: 01:16:05

Health: -4/165     AC: 31    Str: 25    XL:     17   Next: 2%
Magic:  0/16       EV: 11    Int: 11    God:    Qazlal [******]
Gold:   612        SH: 38    Dex: 19    Spells: 16/16 levels left

rFire   . . .        a - +7 war axe (protect)
rCold   + . .        P - +6 tower shield "Keiruchu" {Harm rC+}
rNeg    + . .        c - +3 plate armour of Nielu {Dex+2}
rPois   +            (helmet restricted)
rElec   .            f - +0 cloak
rCorr   .            w - +2 pair of gloves
SInv    .            B - +0 pair of boots
Will    ++...        s - amulet of guardian spirit Stlth
                     M - ring of flight
HPRegen 0.47/turn    Q - ring "Sasodif" {rPois rN+ Will+ Int+6 Dex+3}
MPRegen 0.15/turn

%: harm (+30% outgoing, +20% incoming), repel missiles, guardian spirit
@: under a protective aura, flying
A: horns 2, retaliatory headbutt
}: 1/15 runes: serpentine
a: Renounce Religion, Upheaval, Elemental Force, Disaster Area


You were on level 4 of the Swamp.
You worshipped Qazlal.
Qazlal was exalted by your worship.
You visited 4 branches of the dungeon, and saw 28 of its levels.
You also visited: Ossuary.

You collected 1434 gold pieces.
You spent 822 gold pieces at shops.

Inventory:

Hand Weapons
 a - a +7 war axe of protection (weapon)
 b - a +2 hand axe of flaming
Missiles
 D - a throwing net (quivered)
 O - a curare-tipped dart
Armour
 c - the +3 plate armour of Nielu (worn) {Dex+2}
   (You took it off a vault guard on level 14 of the Dungeon)

   Dex:       It affects your dexterity (+2).
 f - a +0 cloak (worn)
 g - a +0 kite shield
 w - a +2 pair of gloves (worn)
 B - a +0 pair of boots (worn)
 P - the +6 tower shield "Keiruchu" (worn) {Harm rC+}
   (You found it on level 14 of the Dungeon)

   rC:        It protects you from cold.
   Harm:      It increases damage dealt and taken.
Jewellery
 n - a ring of see invisible
 p - a +6 ring of intelligence
 q - a ring of positive energy
 s - an amulet of guardian spirit (around neck)
 I - a +4 ring of protection
 M - a ring of flight (left hand)
 Q - the ring "Sasodif" (right hand) {rPois rN+ Will+ Int+6 Dex+3}
   (You bought it in a shop on level 11 of the Dungeon)

   [ring of intelligence]

   Int:       It affects your intelligence (+6).
   Dex:       It affects your dexterity (+3).
   rPois:     It protects you from poison.
   rN:        It protects you from negative energy.
   Will:      It increases your willpower.
Wands
 j - a wand of acid (1)
 z - a wand of polymorph (13)
 K - a wand of flame (14)
 L - a wand of paralysis (23)
 S - a wand of iceblast (2)
Scrolls
 l - 2 scrolls of fog
 r - 2 scrolls of vulnerability
 y - 2 scrolls of butterflies
 A - 10 scrolls of teleportation
 F - 5 scrolls of poison
 J - 3 scrolls of immolation
Potions
 d - 4 potions of might
 h - 14 potions of curing
 i - 7 potions of haste
 k - 2 potions of attraction
 m - 2 potions of flight {unknown}
 o - a potion of heal wounds
 u - 7 potions of lignification
 v - 2 potions of invisibility {unknown}
 x - 4 potions of cancellation
 C - 3 potions of resistance
 E - 2 potions of ambrosia
 G - 4 potions of magic
 N - 4 potions of mutation
 R - a potion of berserk rage


   Skills:
 * Level 18.2 Fighting
 + Level 8.0 Long Blades
 * Level 20.6 Axes
 + Level 11.7 Armour
 + Level 7.2 Dodging
 + Level 2.2 Stealth
 + Level 22.3 Shields
 + Level 1.0 Unarmed Combat
 + Level 0.7 Invocations


You had 16 spell levels left.
You didn't know any spells.
Your spell library contained the following spells:

 Spells                   Type           Power      Damage    Failure   Level
 Beastly Appendage        Tmut           0%         N/A       99%         1
 Momentum Strike          Conj/Tloc      0%         3d8       100%        2
 Poisonous Vapours        Pois/Air       0%         N/A       100%        2
 Sublimation of Blood     Necr           0%         N/A       100%        2
 Wereblood                Tmut           0%         N/A       100%        2
 Dazzling Flash           Conj/Hex       0%         N/A       100%        3
 Mephitic Cloud           Conj/Pois/Air  0%         N/A       100%        3
 Volatile Blastmotes      Fire/Tloc      0%         2d10      100%        3
 Iskenderun's Mystic Bla  Conj/Tloc      0%         2d3       100%        4
 Manifold Assault         Tloc           0%         N/A       100%        4
 Petrify                  Tmut/Erth      0%         N/A       100%        4
 Borgnjor's Vile Clutch   Necr/Erth      0%         N/A       100%        5
 Fireball                 Conj/Fire      0%         3d3       100%        5
 Freezing Cloud           Conj/Ice/Air   0%         6-21      100%        5
 Irradiate                Conj/Tmut      0%         3d11      100%        5
 Iskenderun's Battlesphe  Conj           0%         2d6       100%        5
 Conjure Ball Lightning   Conj/Air       0%         3x3d6     100%        6
 Starburst                Conj/Fire      0%         6d3       100%        6
 Orb of Destruction       Conj           0%         9d5       100%        7
 Summon Hydra             Summ           0%         N/A       100%        7


Dungeon Overview and Level Annotations

Branches:
Dungeon (15/15)            Temple (0/1) D:4            Lair (5/5) D:11
  Swamp (4/4) Lair:2        Snake (4/4) Lair:2        Slime (0/5) Lair:4
    Orc (0/2) D:9          Vaults (0/5) D:14        Ossuary (visited)
 Depths: D:15

Altars:
Ashenzari
Cheibriados
Hepliaklqana
Kikubaaqudgha
Nemelex Xobeh
Okawaru
Qazlal
Trog
Wu Jian
Xom
Yredelemnul
Jiyva

Shops:
D:11 =   D:14 (

Portals:
Abyss: D:7

Annotations:
D:2 1 runed translucent door, Crazy Yiuf
D:7 2 transporters, jtron's ghost, novice GnWn
D:8 2 transporters, BlasphemerAmon's ghost, novice FoHu
Lair:4 1 runed translucent door, Odimp's ghost, journeyman KoWn


Innate Abilities, Weirdness & Mutations

You have a pair of horns on your head.
You reflexively headbutt those who attack you in melee.


Message History

The hornet is healed.
The swamp worm is healed.
The hornet seems to grow more fierce.
The swamp worm simulacrum seems to grow more fierce.
The swamp worm seems to grow more fierce.
You kill the spriggan druid!
Qazlal accepts your kill.
You closely miss the hornet.
Your protection from physical attacks is fading.
You block the hornet's attack.
You slice the hornet!!
The hornet is severely wounded.
You block the hornet's attack.
You miss the hornet. Your headbutt misses the hornet.
The hornet is severely wounded.
You block the hornet's attack. x2
You slash the hornet!
The hornet is almost dead.
You hit the swamp worm simulacrum. You slash the swamp worm simulacrum!
The swamp worm simulacrum is heavily damaged.
You closely miss the fenstrider witch.
You block the swamp worm simulacrum's attack.
You hit the fenstrider witch.
The fenstrider witch is moderately wounded.
You slash the swamp worm simulacrum!
You block the swamp worm simulacrum's attack.
The fenstrider witch casts a spell at you.
You block the toxic sludge.
You slash the fenstrider witch!
Your headbutt misses the fenstrider witch.
The fenstrider witch is severely wounded.
You slash the swamp worm! You slash the swamp worm simulacrum!
The swamp worm simulacrum vaporises!
Qazlal accepts your kill.
You feel less protected from physical attacks.
You block the fenstrider witch's attack. x2
You hit the fenstrider witch.
The fenstrider witch is severely wounded.
You barely miss the swamp worm. The swamp worm bites you!!
You die...

.~.~~~~~.....~~
~..~~~§?~~~~~~~
~♣.~~~~~~~~~~~.
..~~~~§§~~~...♣♣♣~.
.~.~~§~~~~~~...§~...
~...~.°°~~○..~.....~
~~.♣♣~~○.☼~~~~~.i.~.
~~.~.~~w@♣♣♣.~♣~~~~~. ♣♣
~~~~~§○H°♣♣~~~~..§~~~♣♣[.
.~~~...°y♣.~H~§...Z.♣w!i~
~.~.♣...♣♣.†....♣♣ ~~~~~~
~.♣♣♣.~.♣♣○Z.....♣♣~~§~Z~
♣~~~./.~~.♣.~~♣~~~Z~~~
~~~.~~~~~†w~.♣~.Z♣tD~~Z~~
..~.~~~~~~~.Z..♣♣.....~~~
♣♣♣♣~..§~§~~..~♣♣.Z.~..~.


You could see a fenstrider witch, a swamp worm (strong) and a hornet (strong).

Vanquished Creatures
  Bai Suzhen (Snake:4)
  Mlioglotl (Swamp:2)
  Kirke (Lair:4)
  10 nagarajas
  Louise (Swamp:3)
  3 eleionomae
  Snorg (Lair:3)
  2 ice dragons (D:15)
  A vault guard (D:14)
  A shambling mangrove (Swamp:4)
  A salamander tyrant (Snake:4)
  An ogre mage (D:15)
  4 hydras
  5 centaur warriors
  5 catoblepae
  5 boulder beetles
  4 anacondas
  9 alligators
  A death knight (D:15)
  14 death yaks
  8 two-headed ogres
  2 tengu warriors
  9 naga sharpshooters
  12 naga warriors
  5 shock serpents
  2 spriggans (Swamp:4)
  A fire crab (Lair:5)
  Nergalle (Lair:3)
  3 skeletal warriors (D:14)
  A skyshark (Lair:2)
  5 sea snakes (Snake:4)
  A goliath frog (Swamp:1)
  A spriggan druid (Swamp:4)
  4 bog bodies (Lair:2)
  2 swamp dragons (Swamp:4)
  3 naga ritualists
  3 lindwurms (Lair:5)
  Pikel (D:5)
  2 deep elf pyromancers (D:13)
  13 mana vipers
  A mana viper (shapeshifter) (D:15)
  An ugly thing (D:12)
  6 salamanders
  2 will-o-the-wisps
  2 cyclopes
  7 manticores
  38 black mambas
  11 naga magi
  4 elephants (Lair:3)
  7 cane toads
  Joseph (D:9)
  5 guardian serpents
  5 komodo dragons
  A gargoyle (D:12)
  3 freezing wraiths (D:15)
  2 rime drakes
  A kobold demonologist (D:11)
  An unseen horror (D:13)
  A komodo dragon (shapeshifter) (D:14)
  3 meliai (D:14)
  7 tyrant leeches
  4 trolls
  3 polar bears
  5 hornets
  3 blink frogs (Lair:5)
  Grinder (D:6)
  2 dream sheep (D:12)
  2 centaur simulacra (D:14)
  10 slime creatures
  A shadow (D:11)
  3 wraiths
  A water elemental (D:14)
  3 wyverns
  5 hogs (Lair:4)
  6 humans (D:14)
  4 basilisks
  3 swamp worm simulacra (Swamp:4)
  3 steam dragons
  6 vampire mosquitoes (D:12)
  47 yaks
  3 swamp worms
  An acid dragon (D:13)
  34 nagas
  A hydra simulacrum (Swamp:4)
  10 water moccasins
  5 orc warriors
  An ice beast (D:6)
  2 black bears
  A sky beast (D:7)
  11 wolves
  15 centaurs
  3 ogres
  3 phantoms
  5 kobold brigands
  A lemure (D:5)
  10 bullfrogs
  4 gnoll sergeants
  5 scorpions
  10 wights
  10 killer bees (D:7)
  6 electric eels
  A howler monkey (D:5)
  5 hounds
  2 jellies
  A human zombie (Ossuary)
  11 orc priests
  3 sleepcaps
  Natasha (thrice) (D:4)
  2 iguanas
  9 orc wizards
  3 mummies (Ossuary)
  Robin (D:3)
  9 gnolls
  5 adders
  A shadow imp (D:5)
  2 white imps (D:6)
  2 swamp drake simulacra (Swamp:4)
  An ufetubus (D:7)
  2 worms (D:2)
  7 dart slugs
  57 orcs
  6 ball pythons
  7 bats
  7 endoplasms
  7 giant cockroaches
  12 goblins
  6 hobgoblins
  18 kobolds
  2 quokkas
  2 frilled lizards
  A goblin zombie (Ossuary)
  4 hobgoblin zombies (Ossuary)
  2 kobold zombies (Ossuary)
  An orc zombie (Ossuary)
  3 rats
717 creatures vanquished.

Vanquished Creatures (others)
  2 tengu conjurers
  2 bloated husks
  5 humans (D:14)
  A naga (Snake:1)
  A swamp drake (Swamp:3)
  22 foxfires
33 creatures vanquished.

Grand Total: 750 creatures vanquished

Notes
Turn   | Place    | Note
-------+----------+-------------------------------------------
     0 | D:1      | zlionsfan the Minotaur Fighter began the quest for the Orb.
     0 | D:1      | Reached XP level 1. HP: 19/19 MP: 0/0
    46 | D:1      | Reached XP level 2. HP: 27/27 MP: 1/1
   335 | D:1      | Reached XP level 3. HP: 33/33 MP: 2/2
   398 | D:1      | Found a faded altar of an unknown god.
   404 | D:1      | Got Plato's Spellbook of the Xenotype
   405 | D:1      | Prayed at the altar of an unknown god.
   405 | D:1      | Became a worshipper of Qazlal Stormbringer
   405 | D:1      | Reached * piety under Qazlal
   468 | D:2      | Reached skill level 4 in Shields
   636 | D:2      | Found a runed translucent door.
   637 | D:2      | Noticed Crazy Yiuf
  1029 | D:3      | Reached XP level 4. HP: 31/41 MP: 3/3
  1226 | D:3      | Found a hazy altar of Hepliaklqana.
  1265 | D:3      | Reached ** piety under Qazlal
  1367 | D:3      | Noticed Robin
  1500 | D:3      | Killed Robin
  1643 | D:4      | Found a staircase to the Ecumenical Temple.
  1966 | D:4      | Noticed Natasha
  1974 | D:4      | Killed Natasha
  1975 | D:4      | Reached skill level 5 in Armour
  1975 | D:4      | Reached XP level 5. HP: 41/47 MP: 4/4
  2008 | D:4      | Noticed Natasha
  2014 | D:4      | Killed Natasha
  2047 | D:4      | Noticed Natasha
  2055 | D:4      | Killed Natasha
  2056 | D:4      | Reached skill level 5 in Axes
  2111 | D:4      | Found an iron altar of Okawaru.
  2129 | D:4      | Reached XP level 6. HP: 38/53 MP: 5/5
  2197 | D:4      | Found a sparkling altar of Nemelex Xobeh.
  2209 | D:4      | Got the Tome of the Geodesic and the Anticline
  2500 | D:5      | Entered Level 5 of the Dungeon
  2578 | D:5      | Reached skill level 1 in Dodging
  2580 | D:5      | Reached *** piety under Qazlal
  2587 | D:5      | Reached XP level 7. HP: 32/60 MP: 3/6
  2603 | D:5      | Identified the +1 robe of Existentialism {Will++ Stlth-}
  2818 | D:5      | Noticed Pikel
  2830 | D:5      | Killed Pikel
  2831 | D:5      | Reached skill level 5 in Fighting
  2831 | D:5      | Reached skill level 5 in Shields
  2831 | D:5      | Reached XP level 8. HP: 51/68 MP: 3/7
  3000 | D:5      | Reached skill level 6 in Shields
  3519 | D:5      | Reached skill level 7 in Shields
  4508 | D:6      | Found a sand-covered staircase.
  4512 | Ossuary  | Entered an ossuary
  4804 | Ossuary  | Reached skill level 8 in Shields
  4804 | Ossuary  | Reached XP level 9. HP: 44/75 MP: 5/8
  5054 | D:6      | Identified the +6 spear of Grinning Misery {heavy, Int+4
                  | Dex-5}
  5072 | D:6      | Reached skill level 10 in Axes
  5081 | D:6      | Reached **** piety under Qazlal
  5404 | D:6      | Reached skill level 9 in Shields
  5405 | D:6      | Noticed Grinder
  5406 | D:6      | Paralysed by Grinder for 4 turns
  5415 | D:6      | Killed Grinder
  5873 | D:7      | Reached skill level 10 in Shields
  6121 | D:7      | Noticed a hell hog
  6131 | D:7      | Found a transporter.
  6131 | D:7      | Noticed jtron's ghost (novice GnWn)
  6148 | D:7      | Found a transporter.
  6210 | D:7      | Reached skill level 11 in Shields
  6312 | D:7      | Reached XP level 10. HP: 86/86 MP: 9/9
  6439 | D:7      | Found a one-way gate to the infinite horrors of the Abyss.
  6540 | D:7      | Noticed a cyclops
  6544 | D:7      | Killed a cyclops
  6545 | D:7      | Reached skill level 1 in Stealth
  6572 | D:7      | Reached skill level 12 in Shields
  7070 | D:8      | Found a transporter.
  7341 | D:8      | Found a transporter.
  7393 | D:8      | Noticed BlasphemerAmon's ghost (novice FoHu)
  7394 | D:8      | Noticed an eight-headed hydra
  7706 | D:8      | Noticed a centaur warrior
  7706 | D:8      | Noticed a gargoyle
  8073 | D:8      | Found a bloodstained altar of Trog.
  8402 | D:9      | Reached ***** piety under Qazlal
  8561 | D:9      | Found a snail-covered altar of Cheibriados.
  8564 | D:9      | Noticed Joseph
  8578 | D:9      | Reached skill level 13 in Shields
  8579 | D:9      | Killed Joseph
  8642 | D:9      | Noticed a boulder beetle
  8713 | D:9      | Killed a boulder beetle
  8714 | D:9      | Reached XP level 11. HP: 52/97 MP: 6/10
  9013 | D:9      | Found an ancient bone altar of Kikubaaqudgha.
  9043 | D:9      | Found a staircase to the Orcish Mines.
  9426 | D:10     | Entered Level 10 of the Dungeon
  9432 | D:10     | Noticed a two-headed ogre
  9435 | D:10     | Noticed a centaur warrior
  9438 | D:10     | Killed a two-headed ogre
  9445 | D:10     | Killed a centaur warrior
  9458 | D:10     | Reached skill level 14 in Shields
  9693 | D:10     | Found a broken altar of Ashenzari.
  9734 | D:10     | Found an ornate altar of the Wu Jian Council.
  9735 | D:10     | Noticed a two-headed ogre
  9743 | D:10     | Killed a two-headed ogre
  9831 | D:10     | Found a shimmering altar of Xom.
  9912 | D:10     | Found a basalt altar of Yredelemnul.
 10424 | D:10     | Reached skill level 10 in Fighting
 10858 | D:11     | Reached skill level 15 in Axes
 10887 | D:11     | Reached skill level 15 in Shields
 11347 | D:11     | Found Obboxi's Jewellery Emporium.
 11411 | D:11     | Noticed a four-headed hydra
 11830 | D:12     | Noticed a two-headed ogre
 11830 | D:12     | Noticed a purple ugly thing
 11848 | D:12     | Killed a two-headed ogre
 11849 | D:12     | Reached skill level 16 in Shields
 11849 | D:12     | Reached XP level 12. HP: 61/108 MP: 4/11
 12794 | D:12     | Noticed a three-headed hydra
 12799 | D:12     | Killed a one-headed hydra
 12999 | D:11     | Killed a two-headed hydra
 13702 | D:11     | Found a staircase to the Lair.
 13850 | Lair:1   | Entered Level 1 of the Lair of Beasts
 13954 | Lair:1   | Reached skill level 17 in Shields
 14576 | Lair:2   | Reached skill level 5 in Dodging
 14825 | Lair:2   | Found a staircase to the Snake Pit.
 15001 | Lair:2   | Reached XP level 13. HP: 118/118 MP: 12/12
 15178 | Lair:2   | Found a staircase to the Swamp.
 15527 | Lair:3   | Noticed Nergalle
 15601 | Lair:3   | Noticed Snorg
 15603 | Lair:3   | Reached skill level 18 in Shields
 15616 | Lair:3   | Killed Snorg
 16141 | Lair:3   | Killed Nergalle
 16141 | Lair:3   | Reached ****** piety under Qazlal
 16475 | Lair:4   | Reached skill level 10 in Armour
 16740 | Lair:4   | Noticed Odimp's ghost (journeyman KoWn)
 16775 | Lair:4   | Found a runed translucent door.
 16787 | Lair:4   | Reached skill level 1 in Long Blades
 16945 | Lair:4   | Noticed Kirke
 16959 | Lair:4   | Killed Kirke
 17535 | Lair:4   | Found a staircase to the Slime Pits.
 17535 | Lair:4   | Found a viscous altar of Jiyva.
 17819 | Lair:5   | Entered Level 5 of the Lair of Beasts
 18006 | Lair:5   | Reached XP level 14. HP: 125/132 MP: 11/13
 18283 | D:11     | Bought the ring "Sasodif" {rPois rN+ Will+ Int+6 Dex+3} for
                  | 822 gold pieces
 18444 | Lair:5   | Reached skill level 19 in Shields
 18452 | Lair:5   | Reached skill level 1 in Unarmed Combat
 19117 | Lair:5   | Identified the +3 trident "Biociel" {spect, rElec rN+ Will+
                  | Stlth-}
 19929 | D:13     | Reached skill level 15 in Fighting
 20895 | D:14     | You fall into a shaft and drop 1 floor!
 20895 | D:15     | Entered Level 15 of the Dungeon
 21135 | D:15     | Reached skill level 5 in Long Blades
 21870 | D:14     | Reached skill level 20 in Shields
 21886 | D:14     | Reached XP level 15. HP: 141/141 MP: 14/14
 22206 | D:14     | Found Siytahoyf's Antique Weapon Boutique.
 22304 | D:14     | Identified the +3 plate armour of Nielu {Dex+2}
 22340 | D:14     | Found a gate to the Vaults.
 22390 | D:14     | Identified the +6 tower shield "Keiruchu" {Harm rC+}
 23177 | Snake:1  | Entered Level 1 of the Snake Pit
 24008 | Snake:2  | Noticed a nagaraja
 24025 | Snake:2  | Killed a nagaraja
 24220 | Snake:4  | Entered Level 4 of the Snake Pit
 24246 | Snake:4  | Noticed a nagaraja
 24255 | Snake:4  | Killed a nagaraja
 24338 | Snake:4  | Reached skill level 21 in Shields
 24346 | Snake:4  | Noticed a nagaraja
 24348 | Snake:4  | Reached XP level 16. HP: 71/152 MP: 9/15
 24853 | Snake:4  | Noticed Bai Suzhen
 24881 | Snake:4  | Killed Bai Suzhen
 25469 | Snake:4  | Got a serpentine rune of Zot
 25666 | Swamp:1  | Entered Level 1 of the Swamp
 26009 | Swamp:1  | Reached skill level 22 in Shields
 26107 | Swamp:3  | Noticed Louise
 26129 | Swamp:2  | Noticed Mlioglotl
 26142 | Swamp:2  | Killed Mlioglotl
 26171 | Swamp:3  | Killed Louise
 26217 | Swamp:4  | Entered Level 4 of the Swamp
 26257 | Swamp:4  | Reached XP level 17. HP: 41/165 MP: 3/16
 26277 | Swamp:4  | Slain by a swamp worm

Illustrated notes

Levels and vault maps discovered:
D:1:      dpeg_arrival_refuge, layout_rooms, shapermc_ecumenical_altar_rom_forum
D:2:      layout_basic, uniq_crazy_yiuf_cottage
D:3:      layout_rooms, overflow_temple_1_default, uniq_robin
D:4:      layout_basic, okawaru_metal_pillars_1_2, mainiacjoe_overflow_paths,
          minmay_temple_entry_nine_rooms, wad_floor_pattern_1, uniq_natasha
D:5:      layout_layer_cave, minmay_manual_mail, uniq_pikel
D:6:      layout_basic, nicolae_ossuary_entry_plus,
          kennysheep_decorative_pillar, uniq_grinder
D:7:      layout_gridville, gammafunk_ghost_abyssal_escape,
          nicolae_elevator_lobby_plus
D:8:      layout_layer_cave, general_overflow_altar, nzn_ghost_randoct,
          minmay_parallelograms, lightli_corner_chamber
D:9:      layout_irregular_city, mainiacjoe_overflow_tiny_flanked,
          kiku_gazebo_garden_becter, david_orc_5, nzn_sisyphean_effort,
          uniq_joseph
D:10:     layout_basic, nicolae_ashenzari_panopticon,
          mainiacjoe_overflow_alcove_2, grunt_temple_overflow_open
D:11:     layout_roguey, erik_lair_island, minmay_shop_enchanted_jewellery,
          minmay_statues_item
D:12:     kennysheep_ambush_hall, layout_layer_cave, hangedman_ranch
D:13:     layout_basic
D:14:     layout_basic, ximxim_vaults_locker_room, serial_shops,
          nicolae_shop_tiny_real_fake_doors, kennysheep_generic_room_16
D:15:     grunt_enter_depths_hoard, layout_basic,
          nicolae_gozag_cash_rules_everything_around_me
Lair:1:   layout_roguey, grunt_megastairs_5
Lair:2:   layout_big_grid, nicolae_swamp_entry_splash_gauntlet,
          dummy_snake_entry, st_stairs_3, minmay_stone_trees_small,
          infiniplex_staircase_pool, serial_bayou_shore_a
Lair:3:   layout_big_grid, infiniplex_staircase_pool_2, uniq_snorg,
          uniq_nergalle
Lair:4:   layout_cave_pods, slime_entry_1, gauntlet_entry_generic,
          hellmonk_ghost_happy_afterlife, grunt_megastairs_2, uniq_kirke
Lair:5:   evilmike_catoblepas_cave, layout_regular_city,
          chequers_serial_rivers_room_a, nicolae_lair_lindhole
Swamp:1:  layout_basic_swamp, evilmike_swamp_ruin_house_4,
          nicolae_swamp_fairy_circle
Swamp:2:  layout_basic_swamp, nicolae_swamp_well_well_well,
          nicolae_swamp_soggy_hallways, uniq_mlioglotl
Swamp:3:  layout_falls_marsh, nicolae_swamp_dense_foliage, uniq_louise
Swamp:4:  swamp_icy, layout_basic_swamp
Snake:1:  layout_layer_cave, basic_altar, nicolae_snake_mages_go_home
Snake:2:  layout_onion, nicolae_snake_single_loop, serial_bayou_ford_a,
          serial_bayou_shore_b, uniq_vashnia, uniq_aizul
Snake:3:  layout_honeycomb, nicolae_integral_box, uniq_donald
Snake:4:  grunt_snake_rune_pools, layout_misc_corridors, st_stairs_3,
          serial_bayou_shore_b, uniq_bai_suzhen

Skill      XL: |  1  2  3  4  5  6  7  8  9 10 11 12 13 14 15 16 |
---------------+-------------------------------------------------+-----
Fighting       | 4 5 6 7 9 10 12 14 15 16 18 | 18.2
Armour         | 4 5 6 7 8 9 10 11 | 11.7
Shields        | 4 5 8 11 13 16 17 18 20 21 22 | 22.3
Axes           | 3 4 5 6 7 9 11 13 15 16 17 18 19 20 | 20.6
Dodging        | 1 2 3 4 5 6 7 |  7.2
Stealth        | 1 2 |  2.2
Long Blades    | 1 5 7 8 |  8.0
Unarmed Combat | 1 |  1.0
Invocations    | |  0.7

Action                     |  1- 3 |  4- 6 |  7- 9 | 10-12 | 13-15 | 16-18 || total
---------------------------+-------+-------+-------+-------+-------+-------++-------
  Melee: War axe           |    73 |   111 |   262 |   626 |   932 |   326 ||  2330
         Headbutt          |    13 |    26 |    49 |   154 |   291 |    86 ||   619
         Falchion          |       |       |       |    19 |     7 |     7 ||    33
         Unarmed           |       |       |       |       |     8 |       ||     8
         Hand axe          |       |       |       |       |       |     9 ||     9
 Invoke: Upheaval          |       |       |       |     1 |       |       ||     1
         Elemental Force   |       |       |       |       |     1 |       ||     1
    Use: Scroll            |       |       |     9 |    10 |    17 |    11 ||    47
         Potion            |       |       |     1 |     4 |     4 |     3 ||    12
 Armour: Scale mail        |    33 |    29 |    63 |   148 |   118 |       ||   391
         Plate armour      |       |       |       |       |    35 |    80 ||   115
  Dodge: Dodged            |    35 |    47 |    78 |   179 |   159 |    42 ||   540
         Repelled          |       |       |       |     4 |     6 |     4 ||    14
  Block: Buckler           |    33 |    62 |   130 |   470 |   168 |       ||   863
         Other             |       |       |       |       |     3 |       ||     3
         Kite shield       |       |       |       |       |   391 |       ||   391
         Tower shield      |       |       |       |       |   354 |   473 ||   827
